 Dungeon Crawl Stone Soup version 0.27.0-1-g7a089689b8 (webtiles) character file.

Game seed: 5612486482974020689

82 freelancePsychic the Sneak (level 4, -4/30 HPs)
             Began as an Octopode Arcane Marksman on Aug 12, 2021.
             Slain by an ogre (34 damage)
             ... on level 3 of the Dungeon.
             The game lasted 00:06:05 (3433 turns).

freelancePsychic the Sneak (OpAM)                   Turns: 3433, Time: 00:06:05

Health: -4/30      AC:  1    Str: 14    XL:     4   Next: 43%
Magic:  5/5        EV: 13    Int: 16    God:
Gold:   81         SH:  0    Dex: 12    Spells: 4/5 levels left

rFire    . . .     SeeInvis +   a - +0 hunting sling
rCold    x . .     Faith    .   (no shield)
rNeg     . . .     Spirit   .   (helmet restricted)
rPois    +         Reflect  .   (no amulet)
rElec    .         Harm     .   e - ring of Morality {rPois rC- Will+ Str+5 SInv}
rCorr    .         Rampage  .   (no ring)
Will     +....                  (no ring)
Stlth    +++.......             (no ring)
HPRegen  0.10/turn              (no ring)
MPRegen  0.09/turn              (no ring)
                                (no ring)
                                (no ring)

@: no status effects
A: almost no armour, amphibious, 8 rings, camouflage 1, gelatinous body 1,
(nimble swimmer 1), tentacles
a: no special abilities


You were on level 3 of the Dungeon.
You visited 1 branch of the dungeon, and saw 4 of its levels.

You collected 81 gold pieces.

Inventory:

Hand Weapons
 a - a +0 hunting sling (weapon)
Missiles
 c - 23 sling bullets
 g - 7 poisoned darts (quivered)
 i - 37 stones (quivered ammo)
Jewellery
 e - the ring of Morality (left tentacle) {rPois rC- Will+ Str+5 SInv}
   (You acquired it on level 1 of the Dungeon)

   [ring of willpower]

   Str:       It affects your strength (+5).
   rC:        It makes you vulnerable to cold.
   rPois:     It protects you from poison.
   SInv:      It lets you see invisible.
   Will:      It increases your willpower.
Scrolls
 h - 4 scrolls of vulnerability {unknown}
 k - 2 scrolls of fog {unknown}
 l - a scroll of identify {unknown}
 n - a scroll of enchant armour {unknown}
Potions
 b - 2 potions of haste {unknown}
 d - 4 potions of attraction {unknown}
 f - a potion of curing {unknown}
 j - a potion of might {unknown}
 m - a potion of resistance {unknown}


   Skills:
 + Level 2.4 Fighting
 + Level 3.0 Slings
 - Level 2.0 Dodging
 + Level 3.1 Stealth
 - Level 1.0 Spellcasting
 - Level 3.0 Hexes


You had 4 spell levels left.
You knew the following spells:

 Your Spells              Type           Power      Damage    Failure   Level
a - Corona                Hex            11%        N/A       7%          1

Your spell library contained the following spells:

 Spells                   Type           Power      Damage    Failure   Level
 Slow                     Hex            10%        N/A       10%         2
 Shock                    Conj/Air       0%         1d3       22%         1
 Blink                    Tloc           N/A        N/A       34%         2
 Inner Flame              Hex/Fire       5%         N/A       36%         3
 Portal Projectile        Hex/Tloc       10%        N/A       36%         3
 Cause Fear               Hex            5%         N/A       54%         4
 Swiftness                Air            0%         N/A       56%         3
 Airstrike                Air            0%         N/A       92%         4
 Blade Hands              Tmut           0%         N/A       99%         5
 Excruciating Wounds      Necr           0%         N/A       99%         5
 Manifold Assault         Tloc           0%         N/A       99%         5
 Storm Form               Tmut/Air       0%         N/A       100%        7


Dungeon Overview and Level Annotations

Branches:
Dungeon (4/15)
 Temple: D:4-7

Altars:

Annotations:
D:1 1 exclusion


Innate Abilities, Weirdness & Mutations

You cannot wear most types of armour.
You are amphibious.
You can wear up to eight rings at the same time.
Your skin changes colour to match your surroundings (Stealth+).
Your rubbery body absorbs attacks. (AC +1, EV +1)
((You are camouflaged near water. (Stealth+)))
You have tentacles for arms and can constrict up to eight enemies at once.


Message History

The black bear growls angrily.
You climb upwards.
There is a stone staircase leading down here.
There is a stone staircase leading down here.
You climb downwards.
The ogre shouts!
A kobold comes into view. It is wielding a +0 short sword.
There is a stone staircase leading up here.
You throw a poisoned dart. The poisoned dart hits the ogre.
The ogre is poisoned.
The kobold shouts!
You throw a poisoned dart. The poisoned dart hits the ogre.
The ogre looks even sicker.
The ogre misses you.
You climb upwards.
There is a stone staircase leading down here.
The ogre closely misses you.
Throw: 10 darts (poison)
Press: ? - help, Q - select action, (/) - cycle Shift-Dir - straight line, f - ogre
Aim: an ogre, wielding a +0 giant spiked club (lightly wounded, poisoned, 73% to hit)
You throw a poisoned dart. The poisoned dart hits the ogre.
The ogre looks even sicker.
The ogre is lightly wounded.
Throw: 9 darts (poison)
Press: ? - help, Q - select action, (/) - cycle Shift-Dir - straight line, f/p - ogre
Aim: an ogre, wielding a +0 giant spiked club (heavily wounded, poisoned, 73% to hit)
You throw a poisoned dart. The poisoned dart hits the ogre.
The ogre looks even sicker.
The ogre is heavily wounded.
The ogre closely misses you.
There is a stone staircase leading up here.
Throw: 8 darts (poison)
Press: ? - help, Q - select action, (/) - cycle Shift-Dir - straight line, f/p - ogre
Aim: an ogre, wielding a +0 giant spiked club (almost dead, poisoned, 73% to hit)
You throw a poisoned dart. The poisoned dart hits the ogre.
The ogre looks even sicker.
The ogre is almost dead.
The ogre hits you with a +0 giant spiked club!!
Ouch! That really hurt!
You die...

.......######.#
..............#
.#####.######.#
.......# #.#
.####### #.# .#
####.#### .#
#.....<># .#
#.##.##O# .#
#######(##.##@###
.#
#...............#
.#
#.#####.##.##.#.#
.# #.#
#.##.##(#.#
.###)#
#.......#.#
.##..#
#....####.#
.##.## #.##.# #.#
.##.# #.##.# #.#
.##.# #.##.# #.#


You could see an ogre (very poisoned).

Vanquished Creatures
  2 adders
  A dart slug (D:2)
  3 orcs (D:3)
  5 bats
  6 endoplasms
  3 giant cockroaches
  7 goblins
  4 hobgoblins
  4 jackals
  3 quokkas
  2 ball pythons (D:2)
  4 frilled lizards
  7 kobolds
  4 rats
55 creatures vanquished.

Notes
Turn   | Place    | Note
-------+----------+-------------------------------------------
     0 | D:1      | freelancePsychic the Octopode Arcane Marksman began the
                  | quest for the Orb.
     0 | D:1      | Reached XP level 1. HP: 13/13 MP: 2/2
    60 | D:1      | Reached skill level 1 in Stealth
   108 | D:1      | Reached XP level 2. HP: 18/18 MP: 3/3
   548 | D:1      | Found a faded altar of an unknown god.
   552 | D:1      | Identified a scroll of acquirement
   552 | D:1      | Acquired the ring of Morality {rPois rC- Will+ Str+5 SInv}
   917 | D:2      | Reached XP level 3. HP: 22/24 MP: 4/4
  2191 | D:3      | Reached XP level 4. HP: 29/29 MP: 5/5
  3287 | D:4      | Noticed an ogre
  3372 | D:4      | Noticed a black bear
  3433 | D:3      | Slain by an ogre

Illustrated notes

Levels and vault maps discovered:
D:1:      saegor_arrival_simple_b, layout_loops_ring,
          dreamdust_ecumenical_altar_hidden_monk_grotto
D:2:      layout_basic
D:3:      layout_loops_ring, dk_noncrumbling_3
D:4:      layout_cave_pods, ebering_ghost_disaster_area

Skill      XL: |  1  2  3  4 |
---------------+-------------+-----
Stealth        | 1 2 3 |  3.1
Fighting       | 2 |  2.4
Slings         | 3 |  3.0
Dodging        | |  2.0
Spellcasting   | |  1.0
Hexes          | |  3.0

Action                   |  1- 3 |  4- 6 || total
-------------------------+-------+-------++-------
Melee: Unarmed           |    12 |    10 ||    22
       Constrict         |     3 |     3 ||     6
       Tentacles         |     2 |     1 ||     3
 Fire: Hunting sling     |   119 |    34 ||   153
Throw: Dart              |       |     5 ||     5
 Cast: Corona            |       |     1 ||     1
  Use: Scroll            |     2 |       ||     2
Armor: Skin              |     2 |     4 ||     6
Dodge: Dodged            |    28 |    24 ||    52
